 Dungeon Crawl Stone Soup version 0.27.1-33-g824d729ab1 (webtiles) character file.

Game seed: 18019824126670478707

14 lonewolfV2 the Covered (level 2, -1/24 HPs)
             Began as a Human Fighter on Dec 15, 2021.
             Slain by a quokka (4 damage)
             ... on level 1 of the Dungeon.
             The game lasted 00:00:40 (496 turns).

lonewolfV2 the Covered (Human Fighter)               Turns: 496, Time: 00:00:41

Health: -1/24      AC:  6    Str: 16    XL:     2   Next: 60%
Magic:  2/2        EV:  7    Int:  8    God:
Gold:   0          SH:  8    Dex: 12    Spells: 1/1 levels left

rFire    . . .     SeeInvis .   a - +0 flail
rCold    . . .     Faith    .   c - +0 kite shield
rNeg     . . .     Spirit   .   b - +0 scale mail
rPois    .         Reflect  .   (no helmet)
rElec    .         Harm     .   (no cloak)
rCorr    .         Rampage  .   (no gloves)
Will     .....                  (no boots)
Stlth    ..........             (no amulet)
HPRegen  0.08/turn              (no ring)
MPRegen  0.08/turn              (no ring)

@: no status effects
A: no striking features
a: no special abilities


You were on level 1 of the Dungeon.
You visited 1 branch of the dungeon, and saw 1 of its levels.

Inventory:

Hand Weapons
 a - a +0 flail (weapon)
Armour
 b - a +0 scale mail (worn)
 c - a +0 kite shield (worn)
Potions
 d - a potion of might
 e - a potion of brilliance {unknown}
 f - a potion of haste {unknown}


   Skills:
 + Level 3.2 Fighting
 + Level 2.0 Maces & Flails
 + Level 3.3 Armour
 + Level 0.2 Dodging
 + Level 3.1 Shields


You had one spell level left.
You didn't know any spells.
Your spell library was empty.

Dungeon Overview and Level Annotations

Branches:
Dungeon (1/15)

Altars:

Shops:
D:1 [


Message History

The ball python constricts you.
You barely miss the ball python. You block the quokka's attack.
The ball python bites you but does no damage.
The ball python constricts you.
The quokka bites you but does no damage.
You closely miss the ball python.
The ball python bites you but does no damage.
The ball python constricts you. You block the quokka's attack.
The ball python bites you but does no damage.
The ball python constricts you. You block the quokka's attack.
You sock the ball python!
You kill the ball python!
The quokka bites you but does no damage.
You block the quokka's attack.
Your shield prevents you from hitting the quokka.
The quokka bites you but does no damage.
You block the quokka's attack.
You hit the quokka but do no damage. The quokka bites you.
* * * LOW HITPOINT WARNING * * *
The quokka bites you but does no damage.
You hit the quokka but do no damage.
The quokka bites you but does no damage.
The quokka bites you.
* * * LOW HITPOINT WARNING * * *
You closely miss the quokka. The quokka barely misses you.
Your shield and scale mail prevent you from hitting the quokka.
You block the quokka's attack.
The quokka bites you but does no damage.
You hit the quokka.
The quokka is lightly wounded.
The quokka bites you but does no damage.
The quokka closely misses you.
You closely miss the quokka.
The quokka is lightly wounded.
The quokka twitches its whiskers.
You block the quokka's attack. The quokka barely misses you.
You closely miss the quokka.
The quokka is lightly wounded.
The quokka bites you.
You die...

####.# *..........#
*,#....# ..##.#
*..........#*##,#.####***
..##.#
*..........#,.,,#.#,,,,,,
..##.#
*..........#.#**#.#,*****
'###.# *..........#.#
#.#,* ..##.#
*............# #.#.#
..'..# ***#.......#**
#.#.# ..#..# #....r..#
#.#.# '###.#
###..@)#######...#####
|.##.#
####.#..............
⌠.##.#
#########.#.........#####
..##.#
##...................##
+###.#
#.........[.######....#
,,*#.# #...........#
####.# ,,**,*
#....#####+## #.# ,,**,*
#..†.# *,* #.# ****,*
#....# #.# #.#


You could see a quokka.

Vanquished Creatures
  5 ball pythons (D:1)
  An endoplasm (D:1)
  3 goblins (D:1)
  2 quokkas (D:1)
  2 frilled lizards (D:1)
  A rat (D:1)
14 creatures vanquished.

Notes
Turn   | Place    | Note
-------+----------+-------------------------------------------
     0 | D:1      | lonewolfV2 the Human Fighter began the quest for the Orb.
     0 | D:1      | Reached XP level 1. HP: 18/18 MP: 1/1
   254 | D:1      | Found Hiblouh's Antique Armour Emporium.
   258 | D:1      | Reached XP level 2. HP: 24/24 MP: 2/2
   496 | D:1      | Slain by a quokka

Illustrated notes

Levels and vault maps discovered:
D:1:      co_arrival_random_square_maze, layout_basic, serial_shops,
          nicolae_shop_trees

Action                   || total
-------------------------++-------
Melee: Flail             ||    37
  Use: Scroll            ||     1
Armor: Scale mail        ||    27
Dodge: Dodged            ||    12
Block: Kite shield       ||    26
